 Dungeon Sprint DCSS version 0.18-a0-1027-g814d7dd (webtiles) character file.

0 M4edhros the Charlatan (level 1, 0/13 HPs)
             Began as an Octopode Artificer on Jan 9, 2016.
             Killed by nerve-wracking pain
             ... invoked by Jessica
              (3 damage)
             ... in the Dungeon (Sprint VI: "Thunderdome").
             The game lasted 00:01:39 (61 turns).

M4edhros the Charlatan (Octopode Artificer)           Turns: 61, Time: 00:01:39

Health: 0/13       AC:  1    Str: 13    XL:     1   Next: 20%
Magic:  3/3        EV: 13    Int: 14    God:    Xom [..*...]
Gold:   20         SH:  0    Dex: 25    Spells: 0 memorised, 0 levels left

rFire  + . .     SeeInvis +     a - +0 short sword
rCold  + . .     Gourm    .     (no shield)
rNeg   . . .     Faith    .     (helmet restricted)
rPois  +         Spirit   .     (no amulet)
rElec  .         Dismiss  .     s - ring "Jacker" {rF+ rC- Str+2 Dex+6}
rCorr  .         Reflect  .     r - ring of Cegint {Dex+4 SInv Stlth+}
SustAt .         Harm     .     q - ring of Jant {Str+4 Dex+3}
MR     .....     NoTele   +     p - ring of Ralos {rPois rC++ Str-3} (curse)
Stlth  ++++......               (no ring)
                                (no ring)
                                (no ring)
                                (no ring)

@: not resistant to hostile enchantments, stealthy
A: almost no armour, amphibious, 8 rings, constrict 8, camouflage 1, gelatinous
body 1
a: Renounce Religion


You were in the Dungeon.
You worshipped Xom.
You were a toy of Xom.
You were not hungry.

You visited 1 branch You collected 200 gold pieces.
You spent 180 gold pieces at shops.

Inventory:

Hand Weapons
 a - a +0 short sword (weapon)
Jewellery
 p - the cursed ring of Ralos (on tentacle) {rPois rC++ Str-3}
   (You bought it in a shop in the Dungeon)

   [ring of strength]

   It affects your strength (-3).
   It greatly protects you from cold.
   It protects you from poison.
   It has a curse placed upon it.
 q - the ring of Jant (on tentacle) {Str+4 Dex+3}
   (You bought it in a shop in the Dungeon)

   [ring of dexterity]

   It affects your strength (+4).
   It affects your dexterity (+3).
 r - the ring of Cegint (right tentacle) {Dex+4 SInv Stlth+}
   (You bought it in a shop in the Dungeon)

   [ring of see invisible]

   It affects your dexterity (+4).
   It lets you see invisible.
   It makes you more stealthy.
 s - the ring "Jacker" (left tentacle) {rF+ rC- Str+2 Dex+6}
   (You bought it in a shop in the Dungeon)

   [ring of protection from fire]

   It affects your strength (+2).
   It affects your dexterity (+6).
   It protects you from fire.
   It makes you vulnerable to cold.
Wands
 b - a wand of flame (15/48)
 c - a wand of enslavement (15/24)
 d - a wand of random effects (15/48)
 m - a wand of cold (5/15)
 n - a wand of fire (5/15)
Scrolls
 k - 4 scrolls of blinking
 o - 3 scrolls of fog
Potions
 e - a potion of curing
 g - 4 potions of heal wounds
 h - 4 potions of haste
 i - 2 potions of magic
 j - a potion of berserk rage
 l - 2 potions of resistance
Comestibles
 f - a bread ration


   Skills:
 + Level 1.1 Fighting
 + Level 1.0 Short Blades
 + Level 2.2 Dodging
 + Level 1.3 Stealth
 + Level 3.8 Evocations


You couldn't memorise any spells.
You didn't know any spells.

Dungeon Overview and Level Annotations

Branches:
Dungeon (1/1)

Altars:
Cheibriados
Dithmenos
Fedhas
Okawaru
Pakellas
Qazlal
Ru
Sif Muna
Trog
Xom
Yredelemnul
The Shining One
Jiyva

Shops:
D *[%?**[(!!!

Annotations:
D Jessica, Sigmund


Innate Abilities, Weirdness & Mutations

You cannot wear most types of armour.
You are amphibious.
You can wear up to eight rings at the same time.
You can use your tentacles to constrict eight enemies at once.
Your skin changes colour to match your surroundings (Stealth).
Your rubbery body absorbs attacks (AC +1).


Message History

There is an entrance to Qotrak's Miscellaneous Merchandise here.
There is an entrance to Qaac's Basic Armour here.
There is an entrance to Gufar's Weapon Rack here.
Jessica the Apprentice Sorceress comes into view.
Jessica moves out of view.
Found Xeonacw's Do-It-Yourself Clinic and Zexaug's Bottled Wisdom.
Found a basalt altar of Yredelemnul.
Sigmund the Dreaded comes into view.
He is wielding a scythe of venom.
Jessica closely misses you.
Found Busim's Distillery.
Sigmund shouts!
You hit Jessica. Your grab misses Jessica.
Jessica is moderately wounded.
Sigmund gestures at you while chanting. The magic dart hits you!
Ouch! That really hurt!
* * * LOW HITPOINT WARNING * * *
Jessica casts a spell at you. Pain shoots through your body!
You die...
Xom chuckles heartily!

__......# ......
......8.# .8........∩##
........###.............
.....###...# #..........
.....# #.<.# #..........
.....###..@###..........
........###.............
......8.# #.8........∩#
__......###.....@@._∩#
###.8.........8.######
#⌠...........⌠#
###.........###
#_......._# #_......._#
#_......._# #∩.......∩#
##∩.....∩##


You could see Sigmund and Jessica.

Vanquished Creatures
  A bat skeleton (D)
1 creature vanquished.

Notes
Turn   | Place    | Note
--------------------------------------------------------------
     0 | D        | M4edhros the Octopode Artificer began the quest for the Orb.
     0 | D        | Reached XP level 1. HP: 13/13 MP: 3/3
     3 | D        | Found a stormy altar of Qazlal.
     3 | D        | Found an iron altar of Okawaru.
     4 | D        | Found a shadowy altar of Dithmenos.
     4 | D        | Found a blossoming altar of Fedhas.
     5 | D        | Found a viscous altar of Jiyva.
     5 | D        | Round 1.
     6 | D        | Found Puviff's Identification Station.
     6 | D        | Found a bloodstained altar of Trog.
     6 | D        | Found a shimmering altar of Xom.
     6 | D        | Found Opaaloi's Bee Food.
     7 | D        | Found Mecsud's Advanced Armour.
     7 | D        | Found Ivijofim's Jewellery.
    16 | D        | Bought a slimy silver ring for 45 gold pieces
    16 | D        | Bought a pitted silver ring for 45 gold pieces
    16 | D        | Bought a crude lead ring for 45 gold pieces
    16 | D        | Bought a sparkling ivory ring for 45 gold pieces
    16 | D        | Identified the ring "Jacker" {rF+ rC- Str+2 Dex+6} (You bought it in a shop in the Dungeon)
    17 | D        | Identified the ring of Cegint {Dex+4 SInv Stlth+} (You bought it in a shop in the Dungeon)
    18 | D        | Identified the ring of Jant {Str+4 Dex+3} (You bought it in a shop in the Dungeon)
    19 | D        | Identified the cursed ring of Ralos {rPois rC++ Str-3} (You bought it in a shop in the Dungeon)
    23 | D        | Became a worshipper of Xom of Chaos
    30 | D        | Found a snail-covered altar of Cheibriados.
    31 | D        | Found Xecriyt's Premium Goods.
    32 | D        | Found a deep blue altar of Sif Muna.
    32 | D        | Found a glowing golden altar of the Shining One.
    32 | D        | Found a sacrificial altar of Ru.
    32 | D        | Found Gufar's Weapon Rack.
    32 | D        | Found Qotrak's Miscellaneous Merchandise.
    32 | D        | Found Qaac's Basic Armour.
    36 | D        | Found an oddly glowing altar of Pakellas.
    54 | D        | Noticed Jessica
    59 | D        | Found a basalt altar of Yredelemnul.
    59 | D        | Found Xeonacw's Do-It-Yourself Clinic.
    59 | D        | Found Zexaug's Bottled Wisdom.
    60 | D        | Noticed Sigmund
    60 | D        | Found Busim's Distillery.
    61 | D        | Killed from afar by Jessica

Vault maps used:
D:        arena_sprint

Action                   || total
-------------------------++-------
Melee: Short sword       ||     2
